 Dungeon Crawl Stone Soup version 0.14-a0-519-g334afa2 (webtiles) character file.

2037 LostMyPassword the Archer (level 8, -3/61 HPs)
             Began as a Centaur Hunter on Nov 1, 2013.
             Was an Initiate of Okawaru.
             Slain by a gnoll
             ... wielding a +0,+0 halberd
              (10 damage)
             ... on Level 6 of the Dungeon.
             The game lasted 00:37:49 (6270 turns).

LostMyPassword the Archer (Centaur Hunter)          Turns: 6270, Time: 00:37:49

HP  -3/61        AC 11     Str 15      XL: 8   Next: 77%
MP  14/14        EV  3     Int 10      God: Okawaru [......]
Gold 290         SH  0     Dex 12      Spells:  0 memorised,  7 levels left

Res.Fire  : . . .   See Invis. : .   a - -1 orc falchion
Res.Cold  : . . .   Warding    : .   q - +3 chain mail (curse)
Life Prot.: . . .   Conserve   : .   (no shield)
Res.Poison: .       Res.Corr.  : .   (no helmet)
Res.Elec. : .       Clarity    : .   (no cloak)
Sust.Abil.: + .     Spirit.Shd : .   y - +0 pair of gloves
Res.Mut.  : .       Stasis     : .   (no barding)
Res.Rott. : .       Flight     : .   (no amulet)
Saprovore : . . .                    p - ring of sustain abilities
                                     x - ring of magical power

@: very quick, slightly resistant to hostile enchantments, extremely unstealthy
A: hooves 3, deformed body, herbivore 1, speed 2, fast metabolism 1, tough skin
3
a: Renounce Religion


You were on level 6 of the Dungeon.
You worshipped Okawaru.
Okawaru was noncommittal.
You were hungry.

You visited 2 branches of the dungeon, and saw 7 of its levels.
You also visited: Ossuary.

You collected 290 gold pieces.

Inventory:

Hand weapons
 a - a -1,-1 orcish falchion (weapon)
 b - a +1,+1 bow
Missiles
 c - 30 arrows
Armour
 q - a cursed +3 chain mail (worn)
 y - a +0 pair of gloves (worn)
Comestibles
 f - 4 bread rations
 i - 2 rotting chunks of orc flesh
 j - 2 meat rations
 C - 2 apples
 D - a pear
Scrolls
 e - a scroll of identify
 g - a scroll of fog {unknown}
 h - 2 scrolls of teleportation
 l - a scroll of noise
 n - 2 scrolls of amnesia
 v - 7 scrolls of remove curse
 z - a scroll of magic mapping
Jewellery
 p - a ring of sustain abilities (right hand)
 x - a ring of magical power (left hand)
Potions
 d - a potion of heal wounds {unknown}
 m - 3 potions of flight
 o - a potion of speed {unknown}
 r - 2 potions of might
 s - 3 potions of restore abilities
 t - 2 potions of cure mutation
 u - 6 potions of curing
 w - a potion of berserk rage


   Skills:
 - Level 1.0 Fighting
 + Level 3.8 Long Blades
 * Level 13.8 Bows
 - Level 1.3 Dodging
 - Level 0.5 Stealth


You had 7 spell levels left.
You didn't know any spells.

Dungeon Overview and Level Annotations

Branches:
Dungeon (6/27)             Temple (1/1) D:5
    Orc: D:6-11

Altars:
Ashenzari
Cheibriados
Elyvilon
Fedhas
Kikubaaqudgha
Makhleb
Nemelex Xobeh
Okawaru
Sif Muna
Trog
Vehumet
Xom
Yredelemnul
Zin
the Shining One


Innate Abilities, Weirdness & Mutations

You have hooves in place of feet.
Armour fits poorly on your strangely shaped body.
You digest meat inefficiently.
You cover ground very quickly.
You have a fast metabolism.
You have extremely tough skin (AC +3).


Message History

The gnoll hits you with a halberd.
* * * LOW HITPOINT WARNING * * *
You hit the gnoll but do no damage.
The gnoll is heavily wounded.
The gnoll hits you with a halberd.
* * * LOW HITPOINT WARNING * * *
You hit the gnoll. You kick the gnoll, but do no damage.
The gnoll is severely wounded.
The gnoll hits you but does no damage.
Your chain mail prevents you from hitting the gnoll.
You kick the gnoll.
The gnoll is almost dead.
You closely miss the gnoll. Your kick misses the gnoll.
The gnoll is almost dead.
The gnoll hits you with a halberd!
* * * LOW HITPOINT WARNING * * *
You hit the gnoll but do no damage.
The gnoll is almost dead.
The gnoll hits you with a halberd!
You die...

#.# ###.####
###.######).....#
#..........#.##.#
#....#######.##.#
# #.....#
#.##.##.#
#########....##
#...<...#
..........#.##
####.####
###########.#
##.## #@# #<..#
##g## #.#.#
##.g.## #...#
##.....## #.###
#.......# ..#
#.........# ..#
+.........+ ....
#.........# ...#
##.......## ..#


You could see 2 gnolls.

Vanquished Creatures
  Pikel (D:5)
  Grinder (D:3)
  A phantom (D:5)
  2 ogres
  A giant frog (D:4)
  A hippogriff zombie (D:5)
  A crimson imp (D:5)
  2 hounds
  An orc priest (D:4)
  4 worker ants
  A human zombie (Ossuary)
  A jelly (D:5)
  3 orc wizards
  An iguana (D:4)
  The ghost of 4tharraofdagon the Chopper, a weakling DjBe of Trog (Ossuary)
  5 mummies (Ossuary)
  A gnoll (D:6)
  10 adders
  2 giant mites
  7 worms
  An adder zombie (D:5)
  A giant eyeball (D:5)
  8 giant geckos
  11 orcs
  3 giant cockroaches
  7 goblins
  6 hobgoblins
  5 jackals
  9 kobolds
  2 quokkas
  3 ball pythons (D:2)
  8 bats
  4 giant newts
  2 gnoll zombies (Ossuary)
  3 goblin zombies
  A hobgoblin zombie (Ossuary)
  A kobold zombie (Ossuary)
  An orc zombie (Ossuary)
  7 rats
  A rat zombie (D:5)
131 creatures vanquished.

Vanquished Creatures (others)
  An orc priest (D:5)
  A hound (D:5)
  An adder (D:5)
  2 orcs (D:5)
  A giant cockroach (D:5)
  A jackal (D:5)
  2 kobolds (D:5)
  A butterfly (D:5)
10 creatures vanquished.

Grand Total: 141 creatures vanquished

Notes
Turn   | Place    | Note
--------------------------------------------------------------
     0 | D:1      | LostMyPassword, the Centaur Hunter, began the quest for the Orb.
     0 | D:1      | Reached XP level 1. HP: 17/17 MP: 0/0
   264 | D:1      | Reached XP level 2. HP: 16/24 MP: 1/1
   359 | D:1      | Reached skill level 6 in Bows
   918 | D:2      | Reached XP level 3. HP: 19/29 MP: 2/2
  1048 | D:2      | Reached skill level 7 in Bows
  1365 | D:2      | Reached XP level 4. HP: 34/36 MP: 2/2
  1664 | D:2      | Reached skill level 8 in Bows
  2278 | D:3      | Noticed Grinder
  2289 | D:3      | Paralysed by Grinder for 6 turns
  2298 | D:3      | Killed Grinder
  2298 | D:3      | Reached skill level 10 in Bows
  2298 | D:3      | Reached XP level 5. HP: 14/41 MP: 3/3
  2298 | D:3      | Reached XP level 6. HP: 16/48 MP: 4/4
  3653 | D:4      | Reached skill level 11 in Bows
  3653 | D:4      | Reached XP level 7. HP: 43/53 MP: 4/4
  4344 | D:4      | Reached skill level 1 in Long Blades
  4484 | D:5      | Entered Level 5 of the Dungeon
  4555 | D:5      | Reached skill level 12 in Bows
  4602 | D:5      | Paralysed by a giant eyeball for 4 turns
  4652 | D:5      | Found a sand-covered staircase.
  4674 | Ossuary  | Entered an ossuary
  4677 | Ossuary  | Noticed 4tharraofdagon's ghost (weakling DjBe)
  4681 | Ossuary  | Killed 4tharraofdagon's ghost
  4827 | Ossuary  | Reached XP level 8. HP: 57/61 MP: 5/5
  4942 | D:5      | Gained mutation: You are agile. (Dex +2) [potion of mutation]
  4942 | D:5      | Gained mutation: You have a very fast metabolism. [potion of mutation]
  4944 | D:5      | Lost mutation: You have a very fast metabolism. [potion of cure mutation]
  4944 | D:5      | Lost mutation: You are agile. (Dex +2) [potion of cure mutation]
  5076 | D:5      | Noticed Pikel
  5227 | D:5      | Killed Pikel
  5227 | D:5      | Reached skill level 13 in Bows
  5866 | D:5      | Found a staircase to the Ecumenical Temple.
  5877 | Temple   | Entered the Ecumenical Temple
  6013 | Temple   | Became a worshipper of Warmaster Okawaru
  6270 | D:6      | Slain by a gnoll

Action                   |  1- 3 |  4- 6 |  7- 9 || total
-------------------------+-------+-------+-------++-------
Melee: Short sword       |    61 |       |       ||    61
       Mace              |    38 |   136 |    11 ||   185
       Falchion          |       |       |   196 ||   196
 Fire: Bow               |    15 |    35 |    74 ||   124
  Use: Scroll            |       |       |    18 ||    18
       Potion            |       |       |     2 ||     2
